 Dungeon Crawl Stone Soup version 0.30.1-9-gdf580d7c3d (webtiles) character file.

Game seed: 16433917694025769198

1204 Ivernyr the Shield-Bearer (level 8, 0/58 (64) HPs)
             Began as a Formicid Fighter on Oct 4, 2023.
             Slain by a wight
             ... wielding a +3 scimitar
              (10 damage)
             ... on level 6 of the Dungeon.
             The game lasted 00:13:55 (4847 turns).

Ivernyr the Shield-Bearer (Formicid Fighter)        Turns: 4847, Time: 00:13:56

HP:   0/58 (64)     AC: 10    Str: 24    XL:     8   Next: 73%
MP:   8/8           EV:  9    Int:  7    God:
Gold: 412           SH:  5    Dex: 13    Spells: 7/7 levels left

rFire   + + .        a - +5 lajatang "Qiux" {flame, rF++}
rCold   . . .        c - +0 buckler
rNeg    . . .        b - +0 scale mail
rPois   .            (helmet unavailable)
rElec   .            f - +0 cloak
rCorr   .            (no gloves)
SInv    +            q - +0 pair of boots
Will    +....        (no amulet) Stlth
                     e - ring of willpower
HPRegen 0.29/turn    (no ring)
MPRegen 0.11/turn

%: no passive effects
@: drained
A: permanent stasis, dig shafts and tunnels, antennae 3, four strong arms
a: Dig, Shaft Self


You were on level 6 of the Dungeon.
You visited 2 branches of the dungeon, and saw 7 of its levels.

You collected 412 gold pieces.

Inventory:

Hand Weapons
 a - the +5 lajatang "Qiux" (weapon) {flame, rF++}
   (You acquired it on level 6 of the Dungeon)

   rF:        It greatly protects you from fire.
Missiles
 u - a throwing net
Armour
 b - a +0 scale mail (worn)
 c - a +0 buckler (worn)
 f - a +0 cloak (worn)
 q - a +0 pair of boots (worn)
Jewellery
 e - a ring of willpower (left hand)
 l - a ring of positive energy
 o - a ring of willpower
Wands
 j - a wand of quicksilver (9)
Scrolls
 h - a scroll of poison
 i - 2 scrolls of enchant weapon
 k - a scroll of magic mapping
 p - 2 scrolls of amnesia {unknown}
 r - a scroll of enchant armour {unknown}
Potions
 g - a potion of degeneration {unknown}
 s - 2 potions of mutation
 t - a potion of resistance


   Skills:
 + Level 5.8 Fighting
 * Level 6.5 Staves
 + Level 5.7 Armour
 + Level 7.0 Shields


You had 7 spell levels left.
You didn't know any spells.
Your spell library contained the following spells:

 Spells                   Type           Power      Damage    Failure   Level
 Apportation              Tloc           0%         N/A       77%         1
 Necrotise                Necr           0%         1d4       77%         1
 Summon Small Mammal      Summ           0%         N/A       77%         1
 Manifold Assault         Tloc           0%         N/A       100%        4
 Simulacrum               Ice/Necr       0%         N/A       100%        6
 Ozocubu's Refrigeration  Ice            0%         4d7       100%        7
 Storm Form               Tmut/Air       0%         N/A       100%        7
 Polar Vortex             Ice            0%         N/A       100%        9
 Blink                    Tloc           Unusable   N/A       N/A         2

Dungeon Overview and Level Annotations

Branches:
Dungeon (6/15)             Temple (1/1) D:4

Altars:
Ashenzari
Cheibriados
Dithmenos
Elyvilon
Fedhas
Gozag
Hepliaklqana
Kikubaaqudgha
Makhleb
Okawaru
Qazlal
Ru
Sif Muna
Trog
Uskayaw
Xom

Shops:
D:2 (   D:4 [[   D:5 *


Innate Abilities, Weirdness & Mutations

You cannot be hasted, slowed, berserked, paralysed or teleported.
You can dig through walls and to a lower floor.
You have a pair of large antennae on your head. (SInv)
Your four strong arms can wield two-handed weapons with a shield.


Message History

Sigmund is severely wounded.
You hit Sigmund. You burn Sigmund.
Sigmund is almost dead.
Sigmund points at you and mumbles some strange words.
The magic dart hits you. The wight hits you with a +3 scimitar!
Unknown command.
You hit Sigmund. You burn Sigmund.
Sigmund is almost dead.
You block the wight's attack. Sigmund gestures at you while chanting.
The puff of flame hits you but does no damage.
Unknown command.
You slice Sigmund!! You burn Sigmund.
You kill Sigmund!
You block the wight's attack. The wight barely misses you.
Your Shields skill increases to level 7!
Unknown command.
The wight hits you with a +3 scimitar.
Things that are here:
a +0 scythe; a +2 robe of willpower The wight attacks as you move away!
The wight closely misses you.
There is a stone staircase leading up here.
You closely miss the wight. The wight hits you with a +3 scimitar.
You barely miss the wight. The wight hits you with a +3 scimitar!
You feel drained. The wight hits you with a +3 war axe!
* * * LOW HITPOINT WARNING * * *
You feel drained.
* * * LOW HITPOINT WARNING * * *
You slash the wight! You burn the wight.
The wight is severely damaged.
The wight barely misses you. The wight hits you with a +3 war axe!
* * * LOW HITPOINT WARNING * * *
You feel drained.
* * * LOW HITPOINT WARNING * * *
Unknown command.
It was a potion of curing.
You feel better. The wight hits you with a +3 war axe.
* * * LOW HITPOINT WARNING * * *
The wight hits you with a +3 scimitar!
You die...

#.# #.# #.# #.# ## #.#
#.# .. z { #.# ####.##
#.#######.######...#..
###...?..)..........###.
.........###.######.#.#.#
.#######z###.# #......
#.z@..#.# #.#####
#.#.#.#.# #.# .........#
#.# .....#.#.### #.#
..#..8..... #.# . ##. ..#
## #.# #. 8.# ..# + ...#
#.#


You could see 2 wights.

Vanquished Creatures
  Sigmund (D:6)
  A water moccasin (D:5)
  An ogre (D:5)
  A black bear (D:5)
  A centaur (D:5)
  A phantom (D:6)
  A gnoll sergeant (D:6)
  2 scorpions (D:4)
  2 hounds
  An orc priest (D:5)
  A jelly (D:6)
  A gnoll bouda (D:4)
  An orc wizard (D:3)
  8 gnolls
  6 adders
  A white imp (D:5)
  2 ufetubi (D:5)
  A worm (D:3)
  A dart slug (D:4)
  13 orcs
  7 endoplasms
  2 giant cockroaches
  7 goblins
  8 hobgoblins
  7 jackals
  7 kobolds
  4 quokkas
  5 ball pythons
  2 bats
  2 frilled lizards
  6 rats
104 creatures vanquished.

Notes
Turn   | Place    | Note
-------+----------+-------------------------------------------
     0 | D:1      | Ivernyr the Formicid Fighter began the quest for the Orb.
     0 | D:1      | Reached XP level 1. HP: 18/18 MP: 1/1
    92 | D:1      | Reached XP level 2. HP: 24/24 MP: 2/2
   274 | D:1      | Found a faded altar of an unknown god.
   302 | D:1      | Reached XP level 3. HP: 29/29 MP: 3/3
  1127 | D:2      | Reached XP level 4. HP: 37/37 MP: 4/4
  1179 | D:2      | Found Gaheapia's Antique Weapon Shop.
  1990 | D:3      | Reached XP level 5. HP: 30/42 MP: 5/5
  2278 | D:4      | Found a staircase to the Ecumenical Temple.
  2299 | Temple   | Entered the Ecumenical Temple
  2531 | D:4      | Reached skill level 5 in Shields
  2613 | D:4      | Found Emiuv's Armour Shop.
  2626 | D:4      | Found Munyhumu's Armour Emporium.
  2761 | D:4      | Reached XP level 6. HP: 26/48 MP: 6/6
  3251 | D:4      | Found a shimmering blue altar of Sif Muna.
  3337 | D:5      | Entered Level 5 of the Dungeon
  3369 | D:5      | Noticed an ogre
  3385 | D:5      | Killed an ogre
  3386 | D:5      | Reached XP level 7. HP: 30/55 MP: 7/7
  3543 | D:5      | Reached skill level 5 in Staves
  3570 | D:5      | Reached skill level 5 in Fighting
  3570 | D:5      | Reached skill level 5 in Armour
  3570 | D:5      | Reached skill level 6 in Shields
  3849 | D:5      | Found Foafiavo's Serpentskin Sales.
  3918 | D:5      | Noticed a water moccasin
  3936 | D:5      | Killed a water moccasin
  3937 | D:5      | Reached XP level 8. HP: 51/62 MP: 8/8
  4827 | D:6      | Identified a scroll of acquirement
  4828 | D:6      | Acquired the +5 lajatang "Qiux" {flame, rF++}
  4832 | D:6      | Noticed Sigmund
  4841 | D:6      | Killed Sigmund
  4842 | D:6      | Reached skill level 7 in Shields
  4847 | D:6      | Slain by a wight

Illustrated notes

Levels and vault maps discovered:
D:1:      matt_arrival_los_fun, layout_loops_ring,
          shapermc_ecumenical_altar_hornbeckon
D:2:      layout_loops_ring, serial_shops, nicolae_shop_tiny_waterfront,
          chequers_serial_rivers_small_a
D:3:      layout_loops_cross, ebering_dispersal_statue_hall
D:4:      layout_basic, lemuel_blue_sif_altar, minmay_temple_entry_stoned_glass,
          serial_shops, shop, shop, eino_curves_03, minmay_gold_behind_fungi
D:5:      layout_cave_pods, guppyfry_shop_venom
D:6:      layout_loops_ring, zin_statuary, st_stairs_9, uniq_edmund,
          uniq_sigmund
Temple:   nicolae_temple_superstar

Skill      XL: |  1  2  3  4  5  6  7  8 |
---------------+-------------------------+-----
Staves         | 3 4 5 6 |  6.5
Armour         | 4 5 |  5.7
Fighting       | 4 5 |  5.8
Shields        | 5 6 7 |  7.0

Action                     |  1- 3 |  4- 6 |  7- 9 || total
---------------------------+-------+-------+-------++-------
  Melee: Quarterstaff      |    84 |   143 |    95 ||   322
         Lajatang          |       |       |     9 ||     9
Ability: Dig               |       |       |     1 ||     1
    Use: Potion            |       |     2 |     1 ||     3
         Scroll            |       |       |     8 ||     8
 Armour: Scale mail        |    42 |    58 |    53 ||   153
  Dodge: Dodged            |    41 |    67 |    52 ||   160
  Block: Buckler           |    17 |    27 |    27 ||    71
